[ AOE2 MATCH · #466784126 ]
UnrankedSaracens vs Persians
[ REPLAY ANALYSIS · EXTRACTED FROM THE RECORDED GAME ]
Feudal
—
Castle
—
Imperial
—
| APM avg | 26.3 |
| APM peak | 161 |
| eAPM avg | 24.2 |
| Villagers / military | 102 / 252 |
Focus
⚔️ 19.8% · 🌾 80.2%
Mameluke ×224 · Bombard Cannon ×22 · Trade Cart ×17 · Mangonel ×4 · Monk ×2
Feudal
—
Castle
—
Imperial
—
| APM avg | 34.5 |
| APM peak | 229 |
| eAPM avg | 31.7 |
| Villagers / military | 285 / 395 |
Focus
⚔️ 45.9% · 🌾 54.1%
War Elephant ×153 · Trade Cart ×78 · Spearman ×64 · Militia ×62 · Camel Scout ×47 · Scout Cavalry ×16
Feudal
—
Castle
5:39
Imperial
22:02
| APM avg | 23.4 |
| APM peak | 48 |
| eAPM avg | 16.8 |
| Villagers / military | 155 / 370 |
Focus
⚔️ 21.9% · 🌾 78.1%
Spearman ×295 · Mangonel ×58 · Trade Cart ×51 · Bombard Cannon ×17
Feudal
—
Castle
5:54
Imperial
32:30
| APM avg | 25.9 |
| APM peak | 114 |
| eAPM avg | 22.8 |
| Villagers / military | 86 / 343 |
Focus
⚔️ 31.7% · 🌾 68.3%
Mangonel ×102 · Trade Cart ×102 · Knight ×69 · Spearman ×69 · Militia ×68 · Scout Cavalry ×35
Feudal
—
Castle
4:57
Imperial
12:21
| APM avg | 33.1 |
| APM peak | 177 |
| eAPM avg | 26.8 |
| Villagers / military | 185 / 433 |
Focus
⚔️ 21.9% · 🌾 78.1%
Spearman ×224 · Throwing Axeman ×71 · Knight ×59 · Mangonel ×48 · Trade Cart ×31 · Scout Cavalry ×12
Feudal
—
Castle
9:21
Imperial
40:41
| APM avg | 10.5 |
| APM peak | 41 |
| eAPM avg | 9.7 |
| Villagers / military | 64 / 228 |
Focus
⚔️ 50.4% · 🌾 49.6%
Skirmisher ×103 · Trade Cart ×64 · Janissary ×45 · Hand Cannoneer ×28 · Archer ×18 · Bombard Cannon ×15
Feudal
—
Castle
4:32
Imperial
20:31
| APM avg | 49.6 |
| APM peak | 97 |
| eAPM avg | 32.1 |
| Villagers / military | 437 / 399 |
Focus
⚔️ 19.8% · 🌾 80.2%
Scout Cavalry ×135 · Battering Ram ×130 · Steppe Lancer ×105 · Mangonel ×25 · Trade Cart ×17 · Spearman ×4
Feudal
—
Castle
4:55
Imperial
23:29
| APM avg | 34.3 |
| APM peak | 110 |
| eAPM avg | 25.7 |
| Villagers / military | 246 / 702 |
Focus
⚔️ 34.5% · 🌾 65.5%
Spearman ×333 · Knight ×156 · Scout Cavalry ×120 · Trade Cart ×56 · Skirmisher ×55 · Bombard Cannon ×10
Match map
Initial resources + every placement click. Lines = walls · curves = elevation contours. ◆ gold · ⬟ stone · ● berries · ✦ relic · ◌ wall gap
Your base· ✓ Closed at 2:32 · 0t walls · no gate
mikelvazquez1's base· Open — 6t gap
umutcaningin's base· ✓ Closed at 5:39 · 10t walls · 1 gate(s)
maddaloni.ivan93's base· ✓ Closed at 5:54 · 0t walls · no gate
saplarim38's base· Open — unwalled flank
b1kebabe's base· ✓ Closed at 9:21 · 0t walls · no gate
Vietnam's base· ✓ Closed at 4:32 · 17t walls · 2 gate(s)
Schmüks's base· ✓ Closed at 4:55 · 8t walls · 1 gate(s)
Smoothed initial terrain · ◌ = detected wall gap · hover for details
Inputs per minute
— rob787726 - - mikelvazquez1
Build order — rob787726
First 150 of 565 actions detected
| 0:28 | Build | Market |
| 1:05 | Build | Farm |
| 1:16 | Build | House |
| 1:19 | Build | House |
| 1:22 | Build | House |
| 2:32 | Research | Castle Age |
| 3:09 | Create | Trade Cart |
| 3:18 | Build | House |
| 3:21 | Build | House |
| 3:23 | Build | House |
| 4:00 | Build | Mining Camp |
| 4:13 | Build | Stone Wall |
| 4:49 | Build | Gate |
| 5:01 | Build | House |
| 5:03 | Build | House |
| 5:18 | Research | Double-Bit Axe |
| 5:27 | Research | Horse Collar |
| 5:47 | Build | Town Center |
| 5:55 | Create | Villager (Male) |
| 5:55 | Create | Villager (Male) |
| 5:55 | Create | Villager (Male) |
| 5:56 | Create | Villager (Male) |
| 5:56 | Create | Villager (Male) |
| 5:57 | Create | Villager (Male) |
| 6:16 | Build | Town Center |
| 6:37 | Create | Villager (Male) |
| 6:37 | Create | Villager (Male) |
| 6:38 | Create | Villager (Male) |
| 7:13 | Build | Town Center |
| 7:27 | Build | Town Center |
| 7:36 | Research | Stone Mining |
| 7:38 | Research | Gold Mining |
| 8:39 | Build | Farm |
| 8:48 | Build | Farm |
| 8:52 | Build | Farm |
| 9:00 | Research | Wheelbarrow |
| 9:02 | Research | Town Watch |
| 9:10 | Create | Villager (Male) |
| 9:10 | Create | Villager (Male) |
| 9:10 | Create | Villager (Male) |
| 9:11 | Create | Villager (Male) |
| 9:11 | Create | Villager (Male) |
| 9:22 | Build | Farm |
| 9:32 | Build | Farm |
| 9:34 | Build | Farm |
| 11:06 | Create | Villager (Male) |
| 11:06 | Create | Villager (Male) |
| 11:07 | Create | Villager (Male) |
| 11:07 | Create | Villager (Male) |
| 11:08 | Create | Villager (Male) |
| 11:12 | Create | Villager (Male) |
| 11:12 | Create | Villager (Male) |
| 11:13 | Create | Villager (Male) |
| 11:13 | Create | Villager (Male) |
| 11:13 | Create | Villager (Male) |
| 11:24 | Build | Farm |
| 11:27 | Build | Farm |
| 11:37 | Build | Farm |
| 11:38 | Build | Farm |
| 11:41 | Build | Farm |
| 11:42 | Build | Farm |
| 11:48 | Create | Villager (Male) |
| 11:48 | Create | Villager (Male) |
| 11:49 | Create | Villager (Male) |
| 11:49 | Create | Villager (Male) |
| 11:49 | Create | Villager (Male) |
| 12:33 | Research | Heavy Plow |
| 13:01 | Research | Bow Saw |
| 13:22 | Build | University |
| 13:46 | Create | Villager (Male) |
| 13:46 | Create | Villager (Male) |
| 13:47 | Create | Villager (Male) |
| 13:47 | Create | Villager (Male) |
| 13:59 | Create | Villager (Male) |
| 14:00 | Create | Villager (Male) |
| 14:20 | Create | Villager (Male) |
| 14:21 | Create | Villager (Male) |
| 14:38 | Create | Villager (Male) |
| 14:39 | Create | Villager (Male) |
| 14:47 | Build | Farm |
| 14:55 | Research | Treadmill Crane |
| 14:57 | Research | Ballistics |
| 14:58 | Research | Guard Tower (upgrade) |
| 15:08 | Create | Villager (Male) |
| 15:17 | Create | Villager (Male) |
| 15:50 | Create | Trade Cart |
| 15:50 | Create | Trade Cart |
| 15:50 | Create | Trade Cart |
| 15:51 | Create | Trade Cart |
| 15:53 | Create | Trade Cart |
| 16:02 | Build | Farm |
| 16:04 | Build | Farm |
| 16:11 | Research | Fletching |
| 16:12 | Research | Forging |
| 16:25 | Build | Farm |
| 16:32 | Build | Farm |
| 16:39 | Create | Villager (Male) |
| 16:40 | Create | Villager (Male) |
| 16:40 | Create | Villager (Male) |
| 16:51 | Create | Villager (Male) |
| 16:52 | Create | Villager (Male) |
| 16:59 | Create | Villager (Male) |
| 17:05 | Create | Villager (Male) |
| 17:35 | Build | Farm |
| 17:43 | Build | Farm |
| 17:44 | Build | Farm |
| 17:54 | Build | Farm |
| 17:56 | Build | Farm |
| 18:03 | Research | Fortified Wall (upgrade) |
| 18:04 | Research | Murder Holes |
| 18:16 | Build | Farm |
| 18:24 | Create | Villager (Male) |
| 18:25 | Create | Villager (Male) |
| 18:36 | Create | Villager (Male) |
| 18:37 | Create | Villager (Male) |
| 18:44 | Create | Villager (Male) |
| 18:55 | Create | Villager (Male) |
| 19:13 | Build | Farm |
| 19:23 | Create | Villager (Male) |
| 19:24 | Create | Villager (Male) |
| 19:30 | Build | Farm |
| 19:35 | Build | Farm |
| 19:46 | Research | Hand Cart |
| 20:04 | Build | Farm |
| 20:08 | Build | Farm |
| 20:19 | Create | Villager (Male) |
| 20:19 | Create | Villager (Male) |
| 20:26 | Create | Villager (Male) |
| 20:27 | Create | Villager (Male) |
| 20:38 | Build | Outpost |
| 20:52 | Build | Farm |
| 21:02 | Build | Farm |
| 21:11 | Build | House |
| 21:12 | Build | House |
| 21:14 | Build | House |
| 21:16 | Build | House |
| 21:17 | Build | House |
| 21:19 | Build | House |
| 21:20 | Build | House |
| 21:22 | Build | House |
| 21:39 | Build | Outpost |
| 21:57 | Research | Gold Shaft Mining |
| 22:10 | Build | Farm |
| 22:45 | Create | Villager (Male) |
| 22:45 | Create | Villager (Male) |
| 22:46 | Create | Villager (Male) |
| 22:46 | Create | Villager (Male) |
| 22:47 | Create | Villager (Male) |
| 23:03 | Build | Mining Camp |
| 23:31 | Build | Monastery |
Build order — mikelvazquez1
First 150 of 1179 actions detected
| 0:08 | Build | Market |
| 0:38 | Research | Castle Age |
| 1:01 | Build | Market |
| 1:13 | Build | House |
| 1:17 | Build | House |
| 1:18 | Build | House |
| 1:21 | Research | Double-Bit Axe |
| 1:44 | Build | Stone Wall |
| 1:49 | Build | Gate |
| 1:50 | Build | Barracks |
| 1:58 | Create | Villager (Male) |
| 1:58 | Create | Villager (Male) |
| 1:59 | Create | Villager (Male) |
| 1:59 | Create | Villager (Male) |
| 1:59 | Create | Villager (Male) |
| 2:05 | Build | House |
| 2:06 | Build | House |
| 2:07 | Build | House |
| 2:08 | Build | House |
| 2:09 | Build | House |
| 2:10 | Build | House |
| 2:58 | Research | Horse Collar |
| 3:08 | Build | Monastery |
| 3:22 | Build | Town Center |
| 3:28 | Create | Spearman |
| 3:28 | Create | Spearman |
| 3:28 | Create | Spearman |
| 3:30 | Create | Spearman |
| 3:50 | Create | Monk |
| 3:50 | Create | Monk |
| 3:51 | Create | Monk |
| 3:51 | Create | Monk |
| 4:05 | Create | Spearman |
| 4:06 | Create | Spearman |
| 4:09 | Create | Villager (Male) |
| 4:09 | Create | Villager (Male) |
| 4:09 | Create | Villager (Male) |
| 5:39 | Build | Town Center |
| 7:13 | Create | Villager (Male) |
| 7:13 | Create | Villager (Male) |
| 7:14 | Create | Villager (Male) |
| 7:14 | Create | Villager (Male) |
| 7:14 | Create | Villager (Male) |
| 7:15 | Create | Villager (Male) |
| 7:15 | Create | Villager (Male) |
| 7:29 | Create | Villager (Male) |
| 7:30 | Create | Villager (Male) |
| 7:30 | Create | Villager (Male) |
| 7:30 | Create | Villager (Male) |
| 7:31 | Create | Villager (Male) |
| 7:31 | Create | Villager (Male) |
| 7:31 | Create | Villager (Male) |
| 7:38 | Build | Town Center |
| 8:07 | Build | Mining Camp |
| 8:11 | Create | Monk |
| 8:11 | Create | Monk |
| 9:30 | Create | Militia |
| 9:30 | Create | Militia |
| 9:31 | Create | Militia |
| 9:31 | Create | Militia |
| 9:31 | Create | Militia |
| 9:57 | Build | Barracks |
| 9:58 | Build | Archery Range |
| 9:59 | Build | Archery Range |
| 10:00 | Create | Villager (Male) |
| 10:01 | Create | Villager (Male) |
| 10:01 | Create | Villager (Male) |
| 10:01 | Create | Villager (Male) |
| 10:02 | Create | Villager (Male) |
| 10:02 | Create | Villager (Male) |
| 10:02 | Create | Villager (Male) |
| 10:20 | Build | Town Center |
| 10:26 | Build | Town Center |
| 10:30 | Build | Farm |
| 10:31 | Build | Farm |
| 10:31 | Build | Farm |
| 10:31 | Build | Farm |
| 10:32 | Build | Farm |
| 10:32 | Build | Farm |
| 10:32 | Build | Farm |
| 10:33 | Build | Farm |
| 10:33 | Build | Farm |
| 10:33 | Build | Farm |
| 10:34 | Build | Farm |
| 10:34 | Build | Farm |
| 10:34 | Build | Farm |
| 10:35 | Build | Farm |
| 10:35 | Build | Farm |
| 10:35 | Build | Farm |
| 10:36 | Build | Farm |
| 10:36 | Build | Farm |
| 10:37 | Build | Farm |
| 10:37 | Build | Farm |
| 10:38 | Build | Farm |
| 10:38 | Build | Farm |
| 10:38 | Build | Farm |
| 10:39 | Build | Farm |
| 10:39 | Build | Farm |
| 10:39 | Build | Farm |
| 10:40 | Build | Farm |
| 10:41 | Create | Villager (Male) |
| 10:48 | Create | Villager (Male) |
| 10:49 | Create | Villager (Male) |
| 10:49 | Create | Villager (Male) |
| 10:49 | Create | Villager (Male) |
| 10:50 | Create | Villager (Male) |
| 11:16 | Create | Villager (Male) |
| 11:16 | Create | Villager (Male) |
| 11:42 | Create | Villager (Male) |
| 12:00 | Create | Villager (Male) |
| 12:00 | Create | Villager (Male) |
| 12:01 | Create | Villager (Male) |
| 12:01 | Create | Villager (Male) |
| 12:12 | Create | Monk |
| 12:12 | Create | Monk |
| 12:17 | Create | Villager (Male) |
| 12:17 | Create | Villager (Male) |
| 12:23 | Build | Archery Range |
| 12:24 | Build | Siege Workshop |
| 12:45 | Build | Monastery |
| 13:03 | Build | Mill |
| 13:04 | Build | Farm |
| 13:04 | Build | Farm |
| 13:04 | Build | Farm |
| 13:05 | Build | Farm |
| 13:05 | Build | Farm |
| 13:06 | Build | Farm |
| 13:06 | Build | Farm |
| 13:06 | Build | Farm |
| 13:07 | Build | Farm |
| 13:07 | Build | Farm |
| 13:07 | Build | Farm |
| 13:08 | Build | Farm |
| 13:08 | Build | Farm |
| 13:08 | Build | Farm |
| 13:09 | Build | Farm |
| 13:10 | Create | Villager (Male) |
| 13:11 | Create | Villager (Male) |
| 13:11 | Create | Villager (Male) |
| 13:11 | Create | Villager (Male) |
| 13:12 | Create | Villager (Male) |
| 13:21 | Build | Lumber Camp |
| 13:27 | Build | Lumber Camp |
| 13:31 | Create | Villager (Male) |
| 13:32 | Create | Villager (Male) |
| 13:33 | Create | Villager (Male) |
| 13:34 | Create | Villager (Male) |
| 13:39 | Build | House |
| 13:40 | Build | House |
| 13:41 | Build | House |
Build order — umutcaningin
First 150 of 586 actions detected
| 0:29 | Build | Farm |
| 0:30 | Build | Farm |
| 0:31 | Build | Farm |
| 1:02 | Create | Villager (Male) |
| 1:02 | Create | Villager (Male) |
| 1:24 | Build | Market |
| 1:42 | Build | Mill |
| 2:18 | Create | Villager (Male) |
| 2:20 | Create | Villager (Male) |
| 2:59 | Research | Castle Age |
| 3:06 | Create | Trade Cart |
| 3:07 | Create | Trade Cart |
| 3:07 | Create | Trade Cart |
| 3:25 | Build | Mining Camp |
| 5:02 | Build | House |
| 5:31 | Build | Stone Wall |
| 5:37 | Build | Gate |
| 5:39 | Age | Castle Age |
| 6:21 | Build | Town Center |
| 6:31 | Build | Mining Camp |
| 6:41 | Build | Lumber Camp |
| 6:53 | Build | Town Center |
| 9:43 | Build | Barracks |
| 9:46 | Build | Barracks |
| 9:54 | Build | Mining Camp |
| 9:56 | Create | Villager (Male) ×5 |
| 9:56 | Create | Villager (Male) |
| 10:13 | Create | Villager (Male) |
| 10:13 | Create | Villager (Male) |
| 10:13 | Create | Villager (Male) |
| 10:14 | Create | Villager (Male) |
| 10:14 | Create | Villager (Male) |
| 10:39 | Create | Trade Cart |
| 10:39 | Create | Trade Cart |
| 10:39 | Create | Trade Cart |
| 11:13 | Create | Villager (Male) |
| 11:13 | Create | Villager (Male) |
| 11:14 | Create | Villager (Male) |
| 11:14 | Create | Villager (Male) |
| 11:14 | Create | Villager (Male) |
| 11:32 | Build | Farm |
| 11:33 | Build | Farm |
| 11:33 | Build | Farm |
| 11:42 | Research | Double-Bit Axe |
| 12:23 | Build | Mining Camp |
| 12:31 | Create | Trade Cart |
| 12:33 | Create | Villager (Male) |
| 12:34 | Create | Villager (Male) |
| 13:05 | Build | House |
| 13:06 | Build | House |
| 13:34 | Build | Farm |
| 13:34 | Build | Farm |
| 13:34 | Build | Farm |
| 13:35 | Build | Farm |
| 13:35 | Build | Farm |
| 13:35 | Build | Farm |
| 13:35 | Build | Farm |
| 13:41 | Research | Bow Saw |
| 13:41 | Research | Bow Saw |
| 13:43 | Create | Villager (Male) |
| 13:43 | Create | Villager (Male) |
| 13:44 | Create | Villager (Male) |
| 13:44 | Create | Villager (Male) |
| 13:49 | Build | Farm |
| 13:50 | Build | Farm |
| 13:50 | Build | Farm |
| 13:51 | Build | Farm |
| 13:53 | Build | Farm |
| 13:58 | Build | Farm |
| 14:03 | Create | Villager (Male) |
| 14:03 | Create | Villager (Male) |
| 14:10 | Create | Villager (Male) |
| 14:10 | Create | Villager (Male) |
| 14:11 | Create | Villager (Male) |
| 14:11 | Create | Villager (Male) |
| 14:40 | Build | Outpost |
| 14:49 | Build | House |
| 14:49 | Build | House |
| 14:49 | Build | House |
| 14:50 | Build | House |
| 14:51 | Build | House |
| 14:51 | Build | House |
| 15:04 | Create | Villager (Male) |
| 15:04 | Create | Villager (Male) |
| 15:08 | Create | Villager (Male) |
| 15:09 | Create | Villager (Male) |
| 15:09 | Create | Villager (Male) |
| 15:09 | Create | Villager (Male) |
| 15:20 | Build | Outpost |
| 15:33 | Research | Squires |
| 15:52 | Build | Mining Camp |
| 16:06 | Create | Villager (Male) |
| 16:06 | Create | Villager (Male) |
| 16:17 | Build | Mill |
| 16:19 | Build | Farm |
| 16:19 | Build | Farm |
| 16:20 | Build | Farm |
| 16:20 | Build | Farm |
| 16:20 | Build | Farm |
| 16:21 | Build | Farm |
| 16:21 | Build | Farm |
| 16:21 | Build | Farm |
| 16:22 | Build | Farm |
| 16:23 | Build | Farm |
| 16:23 | Build | Farm |
| 16:23 | Build | Farm |
| 16:28 | Create | Villager (Male) |
| 16:28 | Create | Villager (Male) |
| 16:55 | Build | Castle |
| 16:59 | Create | Villager (Male) |
| 16:59 | Create | Villager (Male) |
| 16:59 | Create | Villager (Male) |
| 16:59 | Create | Villager (Male) |
| 17:05 | Build | Lumber Camp |
| 17:08 | Research | Stone Mining |
| 17:08 | Research | Stone Mining |
| 17:14 | Research | Gold Mining |
| 17:15 | Research | Gold Mining |
| 17:16 | Create | Villager (Male) |
| 17:17 | Create | Villager (Male) |
| 17:17 | Create | Villager (Male) |
| 17:17 | Create | Villager (Male) |
| 17:17 | Create | Villager (Male) |
| 17:23 | Create | Trade Cart |
| 17:23 | Create | Trade Cart |
| 17:24 | Research | Caravan |
| 17:38 | Create | Villager (Male) |
| 17:38 | Create | Villager (Male) |
| 17:38 | Create | Villager (Male) |
| 17:50 | Research | Gold Shaft Mining |
| 17:50 | Research | Gold Shaft Mining |
| 17:50 | Research | Stone Shaft Mining |
| 18:15 | Build | House |
| 18:15 | Build | House |
| 18:16 | Build | House |
| 18:16 | Build | House |
| 18:17 | Build | House |
| 18:18 | Build | House |
| 18:32 | Build | Town Center |
| 18:38 | Research | Horse Collar |
| 18:39 | Research | Horse Collar |
| 18:41 | Create | Trade Cart |
| 18:52 | Research | Imperial Age |
| 20:01 | Create | Villager (Male) |
| 20:02 | Create | Villager (Male) |
| 20:02 | Create | Villager (Male) |
| 20:02 | Create | Villager (Male) |
| 20:09 | Research | Wheelbarrow |
| 20:09 | Research | Wheelbarrow |
| 20:15 | Create | Villager (Male) |
Build order — maddaloni.ivan93
First 150 of 758 actions detected
| 0:18 | Research | Town Watch |
| 0:19 | Create | Villager (Male) |
| 0:19 | Create | Villager (Male) |
| 0:19 | Create | Villager (Male) |
| 0:20 | Create | Villager (Male) |
| 0:20 | Create | Villager (Male) |
| 0:48 | Build | Market |
| 0:55 | Build | Market |
| 1:37 | Build | Farm |
| 1:43 | Build | Farm |
| 1:51 | Create | Villager (Male) |
| 2:18 | Build | Farm |
| 2:31 | Build | Farm |
| 2:40 | Build | House |
| 2:50 | Build | House |
| 2:58 | Build | House |
| 3:05 | Build | House |
| 3:11 | Build | Farm |
| 3:14 | Research | Castle Age |
| 3:21 | Build | Farm |
| 3:59 | Research | Forging |
| 4:00 | Research | Scale Barding Armor |
| 4:08 | Build | House |
| 4:11 | Build | House |
| 4:42 | Research | Man-at-Arms (upgrade) |
| 4:43 | Research | Arson |
| 4:47 | Research | Double-Bit Axe |
| 4:51 | Research | Horse Collar |
| 5:38 | Build | House |
| 5:41 | Build | House |
| 5:47 | Build | House |
| 5:54 | Create | Villager (Male) |
| 5:54 | Create | Villager (Male) |
| 5:54 | Create | Villager (Male) |
| 5:54 | Age | Castle Age |
| 5:55 | Create | Villager (Male) |
| 5:55 | Create | Villager (Male) |
| 5:55 | Create | Villager (Male) |
| 5:56 | Create | Villager (Male) |
| 5:56 | Create | Villager (Male) |
| 6:18 | Research | Caravan |
| 6:30 | Build | Town Center |
| 6:42 | Build | Town Center |
| 7:27 | Build | House |
| 7:32 | Build | House |
| 8:04 | Build | House |
| 8:07 | Build | House |
| 8:11 | Build | House |
| 8:23 | Build | Farm |
| 8:28 | Build | Farm |
| 8:34 | Build | Farm |
| 8:42 | Build | Farm |
| 8:49 | Build | Farm |
| 8:52 | Create | Villager (Male) |
| 8:52 | Create | Villager (Male) |
| 8:52 | Create | Villager (Male) |
| 8:53 | Create | Villager (Male) |
| 8:53 | Create | Villager (Male) |
| 8:59 | Create | Villager (Male) |
| 8:59 | Create | Villager (Male) |
| 8:59 | Create | Villager (Male) |
| 9:00 | Create | Villager (Male) |
| 9:00 | Create | Villager (Male) |
| 9:00 | Create | Villager (Male) |
| 9:01 | Create | Villager (Male) |
| 9:11 | Build | University |
| 9:17 | Build | House |
| 9:20 | Build | House |
| 9:23 | Build | House |
| 10:36 | Create | Villager (Male) |
| 10:36 | Create | Villager (Male) |
| 10:37 | Create | Villager (Male) |
| 10:37 | Create | Villager (Male) |
| 10:37 | Create | Villager (Male) |
| 10:37 | Create | Villager (Male) |
| 10:38 | Create | Villager (Male) |
| 10:38 | Create | Villager (Male) |
| 10:38 | Create | Villager (Male) |
| 10:38 | Create | Villager (Male) |
| 10:38 | Create | Villager (Male) |
| 10:50 | Build | Farm |
| 10:55 | Build | Farm |
| 11:14 | Build | Farm |
| 11:24 | Build | Farm |
| 11:34 | Build | Farm |
| 11:41 | Build | Farm |
| 11:48 | Build | Farm |
| 11:50 | Create | Villager (Male) |
| 11:54 | Create | Villager (Male) |
| 11:55 | Create | Villager (Male) |
| 11:55 | Create | Villager (Male) |
| 11:57 | Create | Villager (Male) |
| 11:58 | Create | Villager (Male) |
| 11:58 | Create | Villager (Male) |
| 12:11 | Build | House |
| 12:14 | Build | House |
| 12:17 | Build | House |
| 12:45 | Build | Farm |
| 12:48 | Research | Fletching |
| 12:49 | Research | Padded Archer Armor |
| 12:52 | Research | Gambesons |
| 12:56 | Create | Villager (Male) |
| 13:16 | Build | Castle |
| 13:32 | Build | Farm |
| 13:39 | Build | Farm |
| 13:44 | Create | Villager (Male) |
| 13:45 | Create | Villager (Male) |
| 13:48 | Create | Villager (Male) |
| 13:48 | Create | Villager (Male) |
| 13:53 | Create | Villager (Male) |
| 13:53 | Create | Villager (Male) |
| 13:54 | Create | Villager (Male) |
| 14:10 | Research | Leather Archer Armor |
| 14:12 | Research | Scale Mail Armor |
| 14:29 | Build | Monastery |
| 14:34 | Research | Murder Holes |
| 14:37 | Research | Treadmill Crane |
| 14:38 | Research | Ballistics |
| 14:47 | Build | Farm |
| 14:59 | Build | Farm |
| 15:10 | Research | Wheelbarrow |
| 15:17 | Research | Devotion |
| 15:19 | Research | Fervor |
| 15:20 | Research | Sanctity |
| 15:34 | Build | Siege Workshop |
| 15:43 | Build | Castle |
| 15:49 | Build | Siege Workshop |
| 16:02 | Build | Siege Workshop |
| 16:07 | Build | Siege Workshop |
| 16:11 | Research | Stronghold |
| 16:22 | Create | Villager (Male) |
| 16:23 | Create | Villager (Male) |
| 16:24 | Create | Villager (Male) |
| 16:24 | Create | Villager (Male) |
| 16:25 | Create | Villager (Male) |
| 16:25 | Create | Villager (Male) |
| 16:30 | Create | Villager (Male) |
| 16:30 | Create | Villager (Male) |
| 16:31 | Create | Villager (Male) |
| 16:31 | Create | Villager (Male) |
| 17:08 | Research | Fortified Wall (upgrade) |
| 17:43 | Build | Siege Workshop |
| 17:53 | Build | Siege Workshop |
| 18:03 | Research | Bodkin Arrow |
| 18:05 | Research | Iron Casting |
| 18:06 | Research | Chain Mail Armor |
| 18:20 | Build | Farm |
| 18:26 | Build | Farm |
| 18:32 | Build | Farm |
| 18:39 | Build | Farm |
Build order — saplarim38
First 150 of 744 actions detected
| 0:25 | Build | Market |
| 0:30 | Build | Blacksmith |
| 0:35 | Create | Villager (Male) |
| 0:35 | Create | Villager (Male) |
| 0:35 | Create | Villager (Male) |
| 0:36 | Create | Villager (Male) |
| 0:36 | Create | Villager (Male) |
| 0:36 | Create | Villager (Male) |
| 0:37 | Create | Villager (Male) |
| 0:37 | Create | Villager (Male) |
| 0:37 | Create | Villager (Male) |
| 0:37 | Create | Villager (Male) |
| 0:38 | Create | Villager (Male) |
| 0:46 | Build | House |
| 0:46 | Build | House |
| 0:47 | Build | House |
| 0:47 | Build | House |
| 0:48 | Build | House |
| 0:48 | Build | House |
| 0:49 | Build | House |
| 0:49 | Build | House |
| 0:50 | Build | House |
| 0:50 | Build | House |
| 0:52 | Build | House |
| 0:52 | Build | House |
| 0:52 | Build | House |
| 0:52 | Build | House |
| 0:53 | Build | House |
| 0:54 | Build | House |
| 0:54 | Build | House |
| 0:55 | Build | House |
| 0:55 | Build | House |
| 0:55 | Build | House |
| 0:56 | Build | House |
| 0:56 | Build | House |
| 0:56 | Build | House |
| 0:56 | Build | House |
| 0:57 | Build | House |
| 0:57 | Build | House |
| 0:57 | Build | House |
| 0:58 | Build | House |
| 0:58 | Build | House |
| 0:58 | Build | House |
| 0:59 | Build | House |
| 1:00 | Build | House |
| 1:00 | Build | House |
| 1:00 | Build | House |
| 1:01 | Build | House |
| 1:01 | Build | House |
| 1:02 | Build | House |
| 1:02 | Build | House |
| 2:10 | Research | Castle Age |
| 2:17 | Research | Castle Age |
| 3:16 | Research | Double-Bit Axe |
| 3:22 | Research | Gold Mining |
| 3:22 | Research | Stone Mining |
| 4:42 | Create | Trade Cart |
| 4:57 | Age | Castle Age |
| 5:15 | Build | Castle |
| 5:35 | Build | Monastery |
| 6:17 | Build | Mining Camp |
| 6:21 | Create | Monk |
| 6:21 | Create | Monk |
| 6:22 | Create | Monk |
| 7:09 | Create | Villager (Male) |
| 7:09 | Create | Villager (Male) |
| 7:10 | Create | Villager (Male) |
| 7:36 | Create | Throwing Axeman |
| 7:36 | Create | Throwing Axeman |
| 7:37 | Create | Throwing Axeman |
| 7:38 | Create | Throwing Axeman |
| 9:11 | Research | Imperial Age |
| 9:37 | Create | Throwing Axeman |
| 9:37 | Create | Throwing Axeman |
| 9:38 | Create | Throwing Axeman |
| 10:35 | Create | Throwing Axeman |
| 10:35 | Create | Throwing Axeman |
| 11:33 | Build | Town Center |
| 12:04 | Build | Farm |
| 12:04 | Build | Farm |
| 12:05 | Build | Farm |
| 12:05 | Build | Farm |
| 12:05 | Build | Farm |
| 12:05 | Build | Farm |
| 12:06 | Build | Farm |
| 12:06 | Build | Farm |
| 12:07 | Build | Farm |
| 12:21 | Age | Imperial Age |
| 12:54 | Create | Throwing Axeman |
| 13:14 | Build | Stone Wall |
| 13:31 | Build | Gate |
| 13:34 | Build | Gate |
| 13:49 | Create | Villager (Male) |
| 13:50 | Create | Villager (Male) |
| 13:50 | Create | Villager (Male) |
| 13:51 | Create | Villager (Male) |
| 13:51 | Create | Villager (Male) |
| 13:51 | Create | Villager (Male) |
| 14:17 | Build | Town Center |
| 14:58 | Build | Farm |
| 15:30 | Build | Mining Camp |
| 15:54 | Build | Stone Wall |
| 15:58 | Build | Stone Wall |
| 16:01 | Build | Stone Wall |
| 16:05 | Build | Gate |
| 16:06 | Build | Gate |
| 16:08 | Build | Gate |
| 16:13 | Build | Gate |
| 16:15 | Build | Gate |
| 16:17 | Build | Gate |
| 16:43 | Create | Villager (Male) |
| 16:43 | Create | Villager (Male) |
| 16:43 | Create | Villager (Male) |
| 16:44 | Create | Villager (Male) |
| 16:44 | Create | Villager (Male) |
| 16:44 | Create | Villager (Male) |
| 16:45 | Create | Villager (Male) |
| 16:45 | Create | Villager (Male) |
| 16:53 | Build | Town Center |
| 16:55 | Create | Villager (Male) |
| 16:55 | Create | Villager (Male) |
| 16:55 | Create | Villager (Male) |
| 17:17 | Build | Town Center |
| 17:47 | Create | Villager (Male) |
| 17:48 | Create | Villager (Male) |
| 18:12 | Research | Bow Saw |
| 18:49 | Build | Town Center |
| 18:53 | Build | Town Center |
| 19:06 | Create | Villager (Male) ×3 |
| 19:06 | Create | Villager (Male) ×3 |
| 19:07 | Create | Villager (Male) ×3 |
| 19:18 | Build | Farm |
| 19:19 | Build | Farm |
| 19:19 | Build | Farm |
| 19:19 | Build | Farm |
| 19:20 | Build | Farm |
| 19:20 | Build | Farm |
| 19:20 | Build | Farm |
| 19:20 | Build | Farm |
| 19:21 | Build | Farm |
| 19:21 | Build | Farm |
| 19:21 | Build | Farm |
| 19:22 | Build | Farm |
| 20:07 | Build | Farm |
| 20:07 | Build | Farm |
| 20:08 | Build | Farm |
| 20:08 | Build | Farm |
| 20:08 | Build | Farm |
| 20:08 | Build | Farm |
| 20:52 | Create | Villager (Male) |
Build order — b1kebabe
First 150 of 522 actions detected
| 0:08 | Create | Villager (Male) |
| 0:08 | Create | Villager (Male) |
| 0:09 | Create | Villager (Male) |
| 0:09 | Create | Villager (Male) |
| 0:09 | Create | Villager (Male) |
| 0:10 | Create | Villager (Male) |
| 0:11 | Research | Wheelbarrow |
| 0:12 | Research | Town Watch |
| 0:23 | Research | Forging |
| 1:28 | Research | Horse Collar |
| 1:52 | Build | Market |
| 2:30 | Build | Barracks |
| 2:40 | Build | Archery Range |
| 2:51 | Build | Stable |
| 2:58 | Build | Mining Camp |
| 4:06 | Build | House |
| 4:08 | Build | House |
| 4:11 | Build | House |
| 4:15 | Build | House |
| 4:18 | Create | Trade Cart |
| 4:18 | Create | Trade Cart |
| 4:19 | Create | Trade Cart |
| 5:30 | Build | Watch Tower |
| 6:00 | Build | Farm |
| 6:03 | Build | Farm |
| 6:05 | Build | Farm |
| 6:07 | Build | Farm |
| 6:09 | Build | Farm |
| 6:16 | Build | Farm |
| 6:27 | Research | Double-Bit Axe |
| 6:41 | Research | Castle Age |
| 6:56 | Research | Arson |
| 6:57 | Research | Man-at-Arms (upgrade) |
| 7:44 | Create | Scout Cavalry |
| 7:44 | Create | Scout Cavalry |
| 7:45 | Create | Scout Cavalry |
| 7:45 | Create | Scout Cavalry |
| 7:45 | Create | Scout Cavalry |
| 7:46 | Create | Scout Cavalry |
| 8:00 | Create | Villager (Male) |
| 8:46 | Build | Farm |
| 8:55 | Create | Villager (Male) |
| 8:56 | Create | Villager (Male) |
| 8:56 | Create | Villager (Male) |
| 8:57 | Create | Villager (Male) |
| 8:57 | Create | Villager (Male) |
| 9:21 | Age | Castle Age |
| 10:00 | Research | Heavy Plow |
| 10:23 | Build | Mining Camp |
| 10:32 | Create | Villager (Male) |
| 10:32 | Create | Villager (Male) |
| 10:33 | Create | Villager (Male) |
| 10:33 | Create | Villager (Male) |
| 10:34 | Create | Villager (Male) |
| 11:11 | Build | Farm |
| 11:14 | Build | Farm |
| 11:22 | Build | Farm |
| 11:33 | Build | Farm |
| 11:37 | Build | Farm |
| 11:52 | Build | Mill |
| 12:29 | Research | Iron Casting |
| 12:30 | Research | Scale Mail Armor |
| 12:31 | Research | Scale Barding Armor |
| 12:45 | Build | Farm |
| 12:51 | Research | Padded Archer Armor |
| 12:52 | Research | Fletching |
| 15:03 | Research | Bow Saw |
| 15:08 | Create | Villager (Male) |
| 15:08 | Create | Villager (Male) |
| 15:09 | Create | Villager (Male) |
| 15:09 | Create | Villager (Male) |
| 15:09 | Create | Villager (Male) |
| 15:09 | Create | Villager (Male) |
| 15:10 | Create | Villager (Male) |
| 15:10 | Create | Villager (Male) |
| 15:10 | Create | Villager (Male) |
| 15:32 | Build | House |
| 15:34 | Build | House |
| 15:36 | Build | House |
| 15:38 | Build | House |
| 15:40 | Build | House |
| 15:42 | Build | House |
| 15:49 | Build | House |
| 16:09 | Research | Hand Cart |
| 17:47 | Create | Villager (Male) |
| 17:48 | Create | Villager (Male) |
| 17:48 | Create | Villager (Male) |
| 17:48 | Create | Villager (Male) |
| 17:49 | Create | Villager (Male) |
| 17:49 | Create | Villager (Male) |
| 17:49 | Create | Villager (Male) |
| 17:50 | Create | Villager (Male) |
| 17:52 | Research | Town Patrol |
| 18:36 | Research | Thumb Ring |
| 18:37 | Research | Crossbowman (upgrade) |
| 18:38 | Create | Archer |
| 18:38 | Create | Archer |
| 18:39 | Create | Archer |
| 18:39 | Create | Archer |
| 18:39 | Create | Archer |
| 18:40 | Create | Archer |
| 18:40 | Create | Archer |
| 18:40 | Create | Archer |
| 18:40 | Create | Archer |
| 18:41 | Create | Archer |
| 18:41 | Create | Archer |
| 19:30 | Create | Trade Cart |
| 19:32 | Research | Coinage |
| 19:34 | Create | Trade Cart |
| 19:35 | Create | Trade Cart |
| 19:35 | Create | Trade Cart |
| 19:35 | Create | Trade Cart |
| 19:36 | Create | Trade Cart |
| 19:36 | Create | Trade Cart |
| 19:36 | Create | Trade Cart |
| 19:36 | Create | Trade Cart |
| 19:37 | Create | Trade Cart |
| 19:37 | Create | Trade Cart |
| 19:38 | Create | Trade Cart |
| 19:56 | Research | Caravan |
| 20:26 | Build | Castle |
| 20:55 | Research | Bloodlines |
| 20:57 | Create | Camel Scout |
| 21:44 | Build | Farm |
| 21:54 | Build | Mining Camp |
| 22:11 | Build | Monastery |
| 22:30 | Build | University |
| 22:45 | Research | Gold Mining |
| 22:48 | Research | Stone Mining |
| 23:15 | Build | Lumber Camp |
| 23:29 | Create | Trade Cart |
| 23:30 | Create | Trade Cart |
| 23:30 | Create | Trade Cart |
| 23:30 | Create | Trade Cart |
| 23:31 | Create | Trade Cart |
| 25:40 | Research | Sipahi |
| 25:41 | Create | Janissary |
| 25:41 | Create | Janissary |
| 25:42 | Create | Janissary |
| 25:42 | Create | Janissary |
| 25:43 | Create | Janissary |
| 25:43 | Create | Janissary |
| 25:43 | Create | Janissary |
| 25:44 | Create | Janissary |
| 25:44 | Create | Janissary |
| 25:44 | Create | Janissary |
| 25:45 | Create | Janissary |
| 25:45 | Create | Janissary |
| 25:45 | Create | Janissary |
| 25:46 | Create | Janissary |
Build order — Vietnam
First 150 of 867 actions detected
| 0:02 | Create | Villager (Male) |
| 0:02 | Create | Villager (Male) |
| 0:03 | Create | Villager (Male) |
| 0:06 | Build | Farm |
| 0:13 | Build | Market |
| 0:15 | Build | Blacksmith |
| 0:36 | Research | Wheelbarrow |
| 0:36 | Research | Wheelbarrow |
| 0:39 | Research | Double-Bit Axe |
| 0:39 | Research | Double-Bit Axe |
| 0:40 | Research | Horse Collar |
| 0:40 | Research | Horse Collar |
| 0:45 | Research | Stone Mining |
| 0:46 | Research | Stone Mining |
| 0:57 | Build | Lumber Camp |
| 1:12 | Build | House |
| 1:21 | Research | Castle Age |
| 1:21 | Research | Castle Age |
| 1:55 | Build | Stone Wall |
| 2:05 | Build | Gate |
| 2:06 | Build | Gate |
| 3:29 | Build | Market |
| 3:49 | Create | Trade Cart |
| 4:20 | Build | House |
| 4:22 | Build | House |
| 4:23 | Build | House |
| 4:24 | Build | House |
| 4:29 | Build | House |
| 4:29 | Build | House |
| 4:32 | Age | Castle Age |
| 4:34 | Build | House |
| 4:36 | Research | Hand Cart |
| 4:37 | Research | Hand Cart |
| 4:37 | Research | Hand Cart |
| 4:38 | Research | Bow Saw |
| 4:38 | Research | Bow Saw |
| 4:46 | Build | Town Center |
| 5:05 | Build | Town Center |
| 5:11 | Create | Villager (Male) |
| 5:12 | Create | Villager (Male) |
| 5:21 | Build | Town Center |
| 5:49 | Build | Town Center |
| 6:25 | Create | Villager (Male) ×5 |
| 6:30 | Build | Farm |
| 6:34 | Create | Villager (Male) ×5 |
| 6:43 | Create | Villager (Male) |
| 6:43 | Create | Villager (Male) |
| 6:59 | Build | Farm |
| 7:02 | Build | Farm |
| 7:17 | Create | Villager (Male) ×2 |
| 7:21 | Build | Farm |
| 7:40 | Build | Barracks |
| 7:44 | Build | House |
| 7:45 | Create | Villager (Male) |
| 7:45 | Create | Villager (Male) |
| 7:51 | Build | University |
| 8:02 | Build | Farm |
| 8:03 | Build | Farm |
| 8:04 | Build | Farm |
| 8:04 | Build | Farm |
| 8:05 | Build | Farm |
| 8:11 | Create | Villager (Male) ×2 |
| 8:11 | Create | Villager (Male) ×2 |
| 8:24 | Research | Squires |
| 8:27 | Create | Villager (Male) ×2 |
| 8:28 | Create | Villager (Male) ×2 |
| 8:40 | Build | Farm |
| 8:42 | Build | Farm |
| 8:44 | Build | Farm |
| 8:46 | Build | Farm |
| 8:47 | Build | Farm |
| 8:49 | Build | Farm |
| 8:59 | Create | Villager (Male) ×2 |
| 9:08 | Build | Farm |
| 9:09 | Build | Farm |
| 9:15 | Build | Farm |
| 9:16 | Build | Farm |
| 9:17 | Build | Farm |
| 9:19 | Build | Farm |
| 9:21 | Build | Farm |
| 9:25 | Create | Spearman |
| 9:31 | Create | Spearman |
| 9:35 | Build | House |
| 9:38 | Create | Spearman |
| 9:39 | Create | Spearman |
| 9:40 | Create | Villager (Male) |
| 9:40 | Create | Villager (Male) |
| 9:45 | Build | Farm |
| 9:46 | Build | Farm |
| 9:50 | Create | Villager (Male) ×2 |
| 9:50 | Create | Villager (Male) ×2 |
| 9:51 | Create | Villager (Male) ×2 |
| 9:58 | Create | Villager (Male) |
| 9:58 | Create | Villager (Male) |
| 10:00 | Create | Villager (Male) |
| 10:00 | Create | Villager (Male) |
| 10:01 | Create | Villager (Male) |
| 10:01 | Create | Villager (Male) |
| 10:02 | Create | Villager (Male) |
| 10:02 | Create | Villager (Male) |
| 10:05 | Create | Villager (Male) |
| 10:05 | Create | Villager (Male) |
| 10:05 | Create | Villager (Male) |
| 10:06 | Create | Villager (Male) |
| 10:07 | Create | Villager (Male) |
| 10:18 | Build | Mill |
| 10:26 | Create | Villager (Male) ×3 |
| 10:26 | Create | Villager (Male) ×3 |
| 10:31 | Create | Trade Cart |
| 10:44 | Create | Villager (Male) |
| 10:44 | Create | Villager (Male) |
| 10:45 | Create | Villager (Male) |
| 10:49 | Build | Farm |
| 10:50 | Build | Farm |
| 10:51 | Build | Farm |
| 11:06 | Create | Villager (Male) ×5 |
| 11:07 | Create | Villager (Male) ×5 |
| 11:07 | Create | Villager (Male) ×5 |
| 11:14 | Build | Farm |
| 11:31 | Build | Farm |
| 11:35 | Create | Villager (Male) ×5 |
| 11:36 | Create | Villager (Male) ×5 |
| 11:36 | Create | Villager (Male) ×2 |
| 11:48 | Create | Villager (Male) ×2 |
| 11:49 | Create | Villager (Male) ×2 |
| 12:03 | Build | Town Center |
| 12:08 | Build | House |
| 12:08 | Build | House |
| 12:09 | Build | House |
| 12:09 | Build | House |
| 12:09 | Build | House |
| 12:10 | Build | House |
| 12:10 | Build | House |
| 12:11 | Build | House |
| 12:11 | Build | House |
| 12:12 | Build | House |
| 12:12 | Build | House |
| 12:12 | Build | House |
| 12:13 | Build | House |
| 12:13 | Build | House |
| 12:17 | Create | Villager (Male) ×5 |
| 12:17 | Create | Villager (Male) ×5 |
| 12:17 | Create | Villager (Male) ×3 |
| 12:26 | Build | Town Center |
| 12:29 | Create | Villager (Male) ×2 |
| 12:29 | Create | Villager (Male) ×2 |
| 12:36 | Build | Farm |
| 12:38 | Build | Farm |
| 12:39 | Build | Farm |
| 12:40 | Create | Villager (Male) ×3 |
Build order — Schmüks
First 150 of 653 actions detected
| 0:01 | Create | Villager (Male) |
| 0:02 | Create | Villager (Male) |
| 0:02 | Create | Villager (Male) |
| 0:11 | Build | Farm |
| 0:11 | Build | Farm |
| 0:11 | Build | Farm |
| 0:15 | Build | Farm |
| 0:17 | Create | Villager (Male) |
| 0:32 | Build | Farm |
| 0:33 | Build | Farm |
| 0:38 | Research | Horse Collar |
| 0:38 | Research | Horse Collar |
| 0:48 | Research | Double-Bit Axe |
| 1:08 | Build | Stable |
| 1:15 | Build | Farm |
| 1:19 | Build | Farm |
| 1:43 | Create | Villager (Male) |
| 2:05 | Build | House |
| 2:09 | Build | Palisade Wall |
| 2:15 | Research | Castle Age |
| 2:30 | Research | Gold Mining |
| 3:53 | Build | Palisade Gate |
| 3:56 | Build | Palisade Wall |
| 4:40 | Build | Stable |
| 4:55 | Age | Castle Age |
| 4:57 | Build | Monastery |
| 5:13 | Build | Town Center |
| 5:27 | Build | Town Center |
| 5:38 | Create | Monk |
| 5:55 | Create | Villager (Male) |
| 5:56 | Create | Villager (Male) |
| 6:04 | Build | Mining Camp |
| 6:08 | Create | Monk |
| 6:10 | Create | Knight |
| 6:49 | Create | Villager (Male) |
| 6:51 | Create | Villager (Male) |
| 6:52 | Create | Villager (Male) |
| 6:52 | Create | Villager (Male) |
| 6:52 | Create | Villager (Male) |
| 6:53 | Create | Villager (Male) |
| 7:06 | Build | Town Center |
| 8:05 | Create | Villager (Male) ×5 |
| 8:06 | Create | Villager (Male) ×5 |
| 8:11 | Build | Farm |
| 8:12 | Build | Farm |
| 8:12 | Build | Farm |
| 8:19 | Create | Villager (Male) |
| 8:22 | Create | Villager (Male) |
| 8:23 | Create | Villager (Male) |
| 8:23 | Create | Villager (Male) |
| 8:24 | Create | Villager (Male) |
| 8:24 | Create | Villager (Male) |
| 8:49 | Research | Bow Saw |
| 9:17 | Build | Market |
| 9:23 | Create | Villager (Male) |
| 9:23 | Create | Villager (Male) |
| 9:31 | Build | House |
| 9:33 | Build | House |
| 9:34 | Build | House |
| 9:40 | Create | Villager (Male) |
| 9:48 | Create | Villager (Male) |
| 10:00 | Build | House |
| 10:01 | Build | House |
| 10:02 | Build | House |
| 10:04 | Build | House |
| 10:05 | Build | House |
| 10:07 | Build | House |
| 10:08 | Build | House |
| 10:09 | Create | Villager (Male) |
| 10:20 | Build | Town Center |
| 10:22 | Create | Villager (Male) |
| 10:27 | Build | Town Center |
| 10:53 | Build | House |
| 10:54 | Create | Villager (Male) |
| 11:00 | Build | Mill |
| 11:01 | Build | Farm |
| 11:01 | Build | Farm |
| 11:02 | Build | Farm |
| 11:02 | Build | Farm |
| 11:02 | Build | Farm |
| 11:03 | Build | Farm |
| 11:06 | Create | Villager (Male) ×5 |
| 11:07 | Create | Villager (Male) ×5 |
| 11:32 | Create | Villager (Male) |
| 11:57 | Build | Farm |
| 12:00 | Create | Villager (Male) ×5 |
| 12:02 | Create | Villager (Male) ×5 |
| 12:14 | Research | Heavy Plow |
| 12:20 | Research | Stone Mining |
| 12:28 | Build | Barracks |
| 12:39 | Create | Villager (Male) |
| 12:43 | Create | Villager (Male) ×5 |
| 12:54 | Build | Town Center |
| 12:58 | Create | Villager (Male) ×5 |
| 13:04 | Build | Farm |
| 13:04 | Build | Farm |
| 13:04 | Build | Farm |
| 13:05 | Build | Farm |
| 13:05 | Build | Farm |
| 13:05 | Build | Farm |
| 13:08 | Build | Mill |
| 13:08 | Build | Farm |
| 13:09 | Build | Farm |
| 13:09 | Build | Farm |
| 13:09 | Build | Farm |
| 13:10 | Build | Farm |
| 13:10 | Build | Farm |
| 13:10 | Build | Farm |
| 13:13 | Build | Farm |
| 13:14 | Build | Farm |
| 13:14 | Build | Farm |
| 13:14 | Build | Farm |
| 13:15 | Build | Farm |
| 13:24 | Create | Villager (Male) ×5 |
| 13:27 | Create | Villager (Male) ×4 |
| 13:35 | Create | Villager (Male) |
| 13:40 | Build | Mining Camp |
| 13:50 | Build | Mining Camp |
| 14:13 | Create | Villager (Male) ×4 |
| 14:27 | Create | Villager (Male) ×2 |
| 14:29 | Build | Farm |
| 14:30 | Build | Farm |
| 14:30 | Build | Farm |
| 14:30 | Build | Farm |
| 14:31 | Build | Farm |
| 14:31 | Build | Farm |
| 14:31 | Build | Farm |
| 14:31 | Build | Farm |
| 14:32 | Build | Farm |
| 14:32 | Build | Farm |
| 14:33 | Build | Farm |
| 14:46 | Build | Monastery |
| 15:01 | Build | Archery Range |
| 15:05 | Research | Bloodlines |
| 15:05 | Research | Husbandry |
| 15:09 | Create | Villager (Male) ×2 |
| 15:17 | Create | Villager (Male) ×4 |
| 15:22 | Research | Wheelbarrow |
| 15:28 | Create | Villager (Male) |
| 15:31 | Build | Farm |
| 15:31 | Build | Farm |
| 15:32 | Build | Farm |
| 15:32 | Build | Farm |
| 15:32 | Build | Farm |
| 15:33 | Build | Farm |
| 15:33 | Build | Farm |
| 15:34 | Build | Farm |
| 15:34 | Build | Farm |
| 15:43 | Build | Farm |
| 15:57 | Create | Villager (Male) ×5 |
Match timeline
| 1:08 | Schmüks · first_building Stable |
| 1:20 | Vietnam · first_market_buy 100 food |
| 1:44 | mikelvazquez1 · wall_segment Stone Wall x16 |
| 1:50 | mikelvazquez1 · first_building Barracks |
| 1:55 | Vietnam · wall_segment Stone Wall x17 |
| 1:56 | saplarim38 · first_market_sell 100 stone |
| 1:59 | saplarim38 · first_market_buy 100 food |
| 2:09 | Schmüks · wall_segment Palisade Wall x7 |
| 2:30 | b1kebabe · first_building Barracks |
| 2:40 | b1kebabe · first_building Archery Range |
| 2:51 | b1kebabe · first_building Stable |
| 3:08 | mikelvazquez1 · first_building Monastery |
| 3:56 | Schmüks · wall_segment Palisade Wall x1 |
| 4:13 | rob787726 · wall_segment Stone Wall x17 |
| 4:32 | Vietnam · age_up castle |
| 4:55 | Schmüks · age_up castle |
| 4:57 | saplarim38 · age_up castle |
| 4:57 | Schmüks · first_building Monastery |
| 5:15 | saplarim38 · first_building Castle |
| 5:31 | umutcaningin · wall_segment Stone Wall x10 |
| 5:35 | saplarim38 · first_building Monastery |
| 5:39 | umutcaningin · age_up castle |
| 5:54 | maddaloni.ivan93 · age_up castle |
| 7:40 | Vietnam · first_building Barracks |
| 9:21 | b1kebabe · age_up castle |
| 9:43 | umutcaningin · first_building Barracks |
| 9:58 | mikelvazquez1 · first_building Archery Range |
| 10:46 | mikelvazquez1 · first_market_buy 100 food |
| 12:21 | saplarim38 · age_up imperial |
| 12:24 | mikelvazquez1 · first_building Siege Workshop |
| 12:28 | Schmüks · first_building Barracks |
| 13:14 | saplarim38 · wall_segment Stone Wall x11 |
| 13:16 | maddaloni.ivan93 · first_building Castle |
| 13:18 | Vietnam · first_building Monastery |
| 14:29 | maddaloni.ivan93 · first_building Monastery |
| 15:01 | Schmüks · first_building Archery Range |
| 15:34 | maddaloni.ivan93 · first_building Siege Workshop |
| 15:54 | saplarim38 · wall_segment Stone Wall x16 |
| 15:58 | saplarim38 · wall_segment Stone Wall x16 |
| 16:01 | saplarim38 · wall_segment Stone Wall x16 |
| 16:55 | umutcaningin · first_building Castle |
| 17:13 | Vietnam · first_market_sell 500 wood |
| 17:46 | Vietnam · first_building Siege Workshop |
| 18:04 | Schmüks · first_building Castle |
| 18:26 | Vietnam · first_building Stable |
| 19:20 | Vietnam · first_building Archery Range |
| 20:26 | b1kebabe · first_building Castle |
| 20:31 | Vietnam · age_up imperial |
| 21:04 | mikelvazquez1 · first_building Castle |
| 22:02 | umutcaningin · age_up imperial |
| 22:11 | b1kebabe · first_building Monastery |
| 22:43 | Schmüks · first_building Siege Workshop |
| 23:09 | saplarim38 · wall_segment Stone Wall x13 |
| 23:09 | umutcaningin · first_building Siege Workshop |
| 23:29 | Schmüks · age_up imperial |
| 23:31 | rob787726 · first_building Monastery |
| 24:04 | Vietnam · first_building Castle |
| 25:25 | rob787726 · first_building Siege Workshop |
| 27:43 | Vietnam · wall_segment Stone Wall x13 |
| 27:44 | Vietnam · wall_segment Stone Wall x14 |
| 29:09 | rob787726 · first_market_sell 100 food |
| 30:29 | b1kebabe · first_building Siege Workshop |
| 31:04 | Vietnam · wall_segment Stone Wall x16 |
| 31:06 | Vietnam · wall_segment Stone Wall x11 |
| 31:08 | Vietnam · wall_segment Stone Wall x14 |
| 31:45 | saplarim38 · first_building Siege Workshop |
| 32:26 | maddaloni.ivan93 · first_building Stable |
| 32:26 | Vietnam · wall_segment Stone Wall x13 |
| 32:30 | maddaloni.ivan93 · age_up imperial |
| 32:41 | Vietnam · wall_segment Palisade Wall x16 |
| 32:43 | Vietnam · wall_segment Palisade Wall x8 |
| 32:44 | Vietnam · wall_segment Palisade Wall x9 |
| 33:18 | Vietnam · wall_segment Stone Wall x18 |
| 34:46 | Vietnam · wall_segment Stone Wall x14 |
| 34:50 | Vietnam · wall_segment Stone Wall x14 |
| 34:51 | saplarim38 · first_building Stable |
| 34:55 | mikelvazquez1 · first_building Stable |
| 35:33 | Vietnam · wall_segment Stone Wall x20 |
| 36:37 | Vietnam · wall_segment Stone Wall x17 |
| 36:41 | Vietnam · wall_segment Stone Wall x19 |
| 37:53 | mikelvazquez1 · wall_segment Stone Wall x32 |
| 37:56 | saplarim38 · first_building Barracks |
| 38:08 | mikelvazquez1 · wall_segment Stone Wall x13 |
| 38:40 | Vietnam · wall_segment Stone Wall x7 |
| 38:41 | Vietnam · wall_segment Stone Wall x4 |
| 38:43 | Vietnam · wall_segment Stone Wall x11 |
| 40:41 | b1kebabe · age_up imperial |
| 41:08 | rob787726 · first_building Castle |
| 41:40 | maddaloni.ivan93 · first_market_buy 100 stone |
| 41:55 | Vietnam · wall_segment Stone Wall x12 |
| 41:58 | Vietnam · wall_segment Stone Wall x7 |
| 42:08 | Vietnam · wall_segment Stone Wall x6 |
| 42:41 | Vietnam · wall_segment Stone Wall x22 |
| 42:54 | Vietnam · wall_segment Stone Wall x12 |
| 45:09 | Vietnam · wall_segment Stone Wall x8 |
| 45:14 | Vietnam · wall_segment Stone Wall x12 |
| 45:18 | maddaloni.ivan93 · wall_segment Stone Wall x1 |
| 45:18 | Vietnam · wall_segment Stone Wall x9 |
| 45:23 | Vietnam · wall_segment Stone Wall x4 |
| 45:53 | mikelvazquez1 · wall_segment Stone Wall x3 |
| 46:21 | mikelvazquez1 · wall_segment Stone Wall x3 |
| 47:41 | rob787726 · first_market_buy 100 stone |
| 50:31 | Vietnam · wall_segment Stone Wall x7 |
| 50:37 | Vietnam · wall_segment Stone Wall x8 |
| 51:11 | mikelvazquez1 · wall_segment Stone Wall x21 |
| 51:40 | Vietnam · wall_segment Stone Wall x7 |
| 51:56 | Vietnam · wall_segment Stone Wall x24 |
| 52:26 | b1kebabe · wall_segment Stone Wall x14 |
| 52:27 | saplarim38 · wall_segment Stone Wall x12 |
| 52:31 | saplarim38 · wall_segment Stone Wall x10 |
| 52:34 | saplarim38 · wall_segment Stone Wall x11 |
| 52:35 | Vietnam · wall_segment Stone Wall x15 |
| 52:43 | rob787726 · wall_segment Stone Wall x24 |
| 52:48 | mikelvazquez1 · wall_segment Stone Wall x4 |
| 53:20 | Schmüks · wall_segment Stone Wall x20 |
| 53:25 | Vietnam · wall_segment Stone Wall x18 |
| 53:41 | Vietnam · wall_segment Stone Wall x15 |
| 54:10 | Vietnam · wall_segment Stone Wall x16 |
| 54:59 | saplarim38 · wall_segment Stone Wall x8 |
| 55:16 | Vietnam · wall_segment Stone Wall x8 |
| 55:17 | Vietnam · wall_segment Stone Wall x12 |
| 56:02 | Vietnam · wall_segment Stone Wall x21 |
| 56:20 | Vietnam · wall_segment Stone Wall x15 |
| 57:19 | Vietnam · wall_segment Stone Wall x16 |
| 58:31 | saplarim38 · wall_segment Stone Wall x10 |
| 58:33 | saplarim38 · wall_segment Stone Wall x8 |
| 58:37 | saplarim38 · wall_segment Stone Wall x8 |
| 58:43 | saplarim38 · wall_segment Stone Wall x8 |
| 60:48 | saplarim38 · wall_segment Stone Wall x5 |
| 61:12 | maddaloni.ivan93 · first_building Barracks |
| 62:50 | saplarim38 · wall_segment Stone Wall x15 |
| 65:04 | Vietnam · wall_segment Stone Wall x12 |
| 68:07 | Vietnam · wall_segment Stone Wall x4 |
| 68:08 | Vietnam · wall_segment Stone Wall x14 |
| 70:09 | b1kebabe · first_market_sell 100 wood |
| 70:13 | b1kebabe · first_market_buy 100 food |
| 70:19 | Schmüks · resign |
[ AI ANALYSIS · 1 CREDIT ]
What really happened in this match?
Wolo.gg analyzes every decision: build order, eco, micro, common mistakes by bracket. Personalized analysis on WhatsApp or Discord in 30 seconds.
Civ guide
Saracens
Perfil
Jugador #24471341